 Dungeon Crawl Stone Soup version 0.29.1-2-gbd0b4ee654 (webtiles) character file.

Game seed: 2011621110508325252

34 Atarun the Shooter (level 3, -7/30 HPs)
             Began as a Minotaur Hunter on Nov 8, 2022.
             Mangled by Sigmund
             ... wielding a +0 scythe
              (8 damage)
             ... on level 2 of the Dungeon.
             The game lasted 00:04:05 (628 turns).

Atarun the Shooter (Minotaur Hunter)                 Turns: 628, Time: 00:04:06

Health: -7/30      AC:  3    Str: 15    XL:     3   Next: 14%
Magic:  2/2        EV: 12    Int:  6    God:
Gold:   82         SH:  0    Dex: 15    Spells: 2/2 levels left

rFire   . . .      SeeInvis .   a - +0 shortbow
rCold   . . .      Faith    .   (shield currently unavailable)
rNeg    . . .      Spirit   .   c - +0 leather armour
rPois   .          Reflect  .   (helmet restricted)
rElec   .          Harm     .   (no cloak)
rCorr   .          Rampage  .   (no gloves)
Will    .....                   (no boots)
Stlth   +.........              (no amulet)
HPRegen 0.10/turn               (no ring)
MPRegen 0.08/turn               (no ring)

@: no status effects
A: horns 2, retaliatory headbutt
a: no special abilities


You were on level 2 of the Dungeon.
You visited 1 branch of the dungeon, and saw 2 of its levels.

You collected 82 gold pieces.

Inventory:

Hand Weapons
 a - a +0 shortbow (weapon)
Armour
 c - a +0 leather armour (worn)
Scrolls
 b - a scroll of immolation
 f - a scroll of teleportation
Potions
 d - a potion of might
 e - a potion of heal wounds


   Skills:
 + Level 2.4 Fighting
 + Level 5.4 Ranged Weapons
 + Level 0.2 Armour
 + Level 2.3 Dodging
 + Level 0.7 Stealth


You had 2 spell levels left.
You didn't know any spells.
Your spell library contained the following spells:

 Spells                   Type           Power      Damage    Failure   Level
 Slow                     Hex            0%         N/A       52%         1
 Blink                    Tloc           0%         N/A       67%         2
 Confusing Touch          Hex            0%         N/A       88%         3
 Lesser Beckoning         Tloc           0%         N/A       88%         3
 Stone Arrow              Conj/Erth      0%         3d7       88%         3
 Vampiric Draining        Necr           0%         2d6       88%         3
 Animate Armour           Summ/Erth      0%         N/A       99%         4
 Manifold Assault         Tloc           0%         N/A       100%        5
 Lehudib's Crystal Spear  Conj/Erth      0%         10d2      100%        8


Dungeon Overview and Level Annotations

Branches:
Dungeon (2/15)

Altars:

Annotations:
D:2 Sigmund


Innate Abilities, Weirdness & Mutations

You have a pair of horns on your head.
You reflexively headbutt those who attack you in melee.


Message History

The giant cockroach bites you. The frilled lizard bites you.
The giant cockroach closely misses you.
Fire: a) +0 shortbow
Press: ? - help, Q - select action Shift-Dir - straight line, f/p - giant cockroach
Aim: a giant cockroach (severely wounded, 62% to hit)
You shoot an arrow.
The arrow barely misses the giant cockroach.
Sigmund barely misses you.
The giant cockroach bites you but does no damage.
The frilled lizard closely misses you.
Fire: a) +0 shortbow
Press: ? - help, Q - select action Shift-Dir - straight line, f/p - giant cockroach
Aim: a giant cockroach (severely wounded, 62% to hit)
You shoot an arrow. The arrow hits the giant cockroach!
You kill the giant cockroach!
Sigmund hits you from afar with a +0 scythe.
The frilled lizard misses you. You furiously retaliate!
You headbutt the frilled lizard!
You kill the frilled lizard!
Fire: a) +0 shortbow
Press: ? - help, Q - select action Shift-Dir - straight line, f - Sigmund
Aim: Sigmund, wielding a +0 scythe and wearing a +0 robe (58% to hit)
You shoot an arrow. The arrow hits Sigmund.
Sigmund is lightly wounded.
Sigmund barely misses you.
Fire: a) +0 shortbow
Press: ? - help, Q - select action Shift-Dir - straight line, f/p - Sigmund
Aim: Sigmund, wielding a +0 scythe and wearing a +0 robe (lightly wounded, 58% to hit)
You shoot an arrow. The arrow hits Sigmund!
Sigmund is moderately wounded.
Sigmund points at you and mumbles some strange words.
The puff of flame hits you!
* * * LOW HITPOINT WARNING * * *
Fire: a) +0 shortbow
Press: ? - help, Q - select action Shift-Dir - straight line, f/p - Sigmund
Aim: Sigmund, wielding a +0 scythe and wearing a +0 robe (moderately wounded, 58% to hit)
You shoot an arrow. The arrow hits Sigmund.
Sigmund is heavily wounded.
Sigmund hits you from afar with a +0 scythe!
You die...

...†..<........,,,,,,,,**,,**,**,
.....................,,,,,,,,,,,,
.#..................,,,.,,,,,,**,
.#..#.†#..#####....,*,..**,,,,**,
.#..#..#..#####...,,,...**,,,,**,
.............,...,,,....+,,,,,,,,
....#..#..###*#.###.....**,**>,,,
..........#####l#.@.....**,**,**,
................@.......**,**,**+
.......#..#####.#.......**,**,*,,
........................,,,,,,,,,
#...#.##..#####+#..$....**,**,,,,
#...#.##........,......#**,**,,,,
#...............,......# *,**,,,,
#...#.##........,......# *,**,,,,
#...#.##........,####..# *,**,,,,
#..,............,,,,,..* ****,,*+


You could see Sigmund and a frilled lizard.

Vanquished Creatures
  A dart slug (D:1)
  4 ball pythons (D:1)
  A bat (D:1)
  4 endoplasms
  A giant cockroach (D:2)
  2 goblins (D:1)
  A hobgoblin (D:2)
  A quokka (D:1)
  4 frilled lizards
  4 kobolds (D:1)
  9 rats
32 creatures vanquished.

Notes
Turn   | Place    | Note
-------+----------+-------------------------------------------
     0 | D:1      | Atarun the Minotaur Hunter began the quest for the Orb.
     0 | D:1      | Reached XP level 1. HP: 18/18 MP: 0/0
     6 | D:1      | Noticed a polar bear
     6 | D:1      | Noticed a redback
     6 | D:1      | Noticed a six-headed hydra
     7 | D:1      | Noticed a hound
    97 | D:1      | Reached XP level 2. HP: 25/25 MP: 1/1
   179 | D:1      | Reached skill level 5 in Ranged Weapons
   575 | D:2      | Reached XP level 3. HP: 30/30 MP: 2/2
   615 | D:2      | Noticed Sigmund
   627 | D:2      | HP: 1/30 [Sigmund/puff of flame (10)]
   628 | D:2      | Mangled by Sigmund

Illustrated notes

Levels and vault maps discovered:
D:1:      onia_arrival_zoo_common, layout_basic, nrook_campfire
D:2:      layout_basic, basic_altar, minmay_pentomino_v4, uniq_jessica,
          uniq_sigmund

Skill      XL: |  1  2 |
---------------+-------+-----
Ranged Weapons | 5 |  5.4
Fighting       | |  2.4
Armour         | |  0.2
Dodging        | |  2.3
Stealth        | |  0.7

Action                   || total
-------------------------++-------
 Fire: Shortbow          ||    76
  Use: Scroll            ||     4
       Potion            ||     3
Armor: Leather armour    ||     4
Dodge: Dodged            ||    16
